 Dungeon Crawl Stone Soup version 0.32-a0-876-gcfddb08e57 (webtiles) character file.

Game seed: 1521664557734114981

1773151 Ajdolov the Markshuman (level 26, 178/196 HPs)
             Began as a Human Hunter on Apr 1, 2024.
             Was the Champion of Hepliaklqana.
             Escaped with the Orb
             ... and 3 runes!
             The game lasted 02:50:23 (58503 turns).

Ajdolov the Markshuman (Human Hunter)              Turns: 58503, Time: 02:50:24

Health: 178/196    AC: 18    Str: 16    XL:     26   Next: 33%
Magic:  36/36      EV: 34    Int: 10    God:    Hepliaklqana [******]
Gold:   3177       SH:  0    Dex: 32    Spells: 25/25 levels left

rFire   . . .        F - +8 longbow "Zephyr" {speed, Dex+3 SInv}
rCold   + . .        (shield currently unavailable)
rNeg    . . .        o - +1 leather armour of Fibastriu {Slay+6}
rPois   +            Y - +0 mask of the Dragon {Will+ Slay+3 SInv}
rElec   +            O - +2 cloak {Will+}
rCorr   .            S - +2 pair of gloves
SInv    +            R - +2 pair of boots
Will    +++..        M - amulet of regeneration
Stlth   +++          (no ring)
HPRegen 1.32/turn    V - ring "Tavvuof" {rElec rPois rC+ Str+3}
MPRegen 0.25/turn

%: no passive effects
@: studying 2 skills
A: reduced essence, explore regen, hooves 1, agile 1, shaggy fur 1
0: Orb of Zot
}: 3/15 runes: decaying, slimy, gossamer
a: Renounce Religion, Recall Ancestor, Ancestor Identity, Transference, Idealise


You escaped.
You worshipped Hepliaklqana.
Hepliaklqana was exalted by your worship.
You visited 12 branches of the dungeon, and saw 55 of its levels.
You also visited: Ice Cave.

You collected 7775 gold pieces.
You spent 4598 gold pieces at shops.

Inventory:

Hand Weapons
 l - the +3 arbalest of Quantum Leap {freeze, rN+ rCorr Str-5 Dex+5}
   (You took it off a gnoll on level 2 of the Dungeon)

   Str-5:     It affects your strength (-5).
   Dex+5:     It affects your dexterity (+5).
   rN+:       It protects you from negative energy.
   rCorr:     It protects you from acid and corrosion.
 F - the +8 longbow "Zephyr" (weapon) {speed, Dex+3 SInv}
   (You acquired it on level 11 of the Dungeon)

   Dex+3:     It affects your dexterity (+3).
   SInv:      It lets you see invisible.
Missiles
 b - 5 curare-tipped darts
 r - 6 throwing nets
Armour
 o - the +1 leather armour of Fibastriu (worn) {Slay+6}
   (You bought it in a shop on level 1 of the Elven Halls)

   Slay+6:    It affects your accuracy & damage with ranged weapons and melee
   (+6).
 E - the +1 cloak of Starlight {*Dazzle EV+4 Stlth--}
   (You bought it in a shop on level 1 of the Elven Halls)

   *Dazzle:   It may blind those who miss an attack against the wearer in melee
   combat.
   EV+4:      It affects your evasion (+4).
   Stlth--:   It makes you much less stealthy.
 O - a +2 cloak of willpower (worn)
 R - a +2 pair of boots (worn)
 S - a +2 pair of gloves (worn)
 W - a +0 leather armour of fire resistance
 Y - the +0 mask of the Dragon (worn) {Will+ Slay+3 SInv}
   (You found it on level 4 of the Depths)

   Slay+3:    It affects your accuracy & damage with ranged weapons and melee
   (+3).
   Will+:     It increases your willpower.
   SInv:      It lets you see invisible.
Jewellery
 a - an amulet of faith
 q - the ring "Zouvofuh" {rElec rC+ rCorr Dex+4}
   (You found it on level 5 of the Pits of Slime)

   [ring of protection from cold]

   Dex+4:     It affects your dexterity (+4).
   rC+:       It protects you from cold.
   rElec:     It insulates you from electricity.
   rCorr:     It protects you from acid and corrosion.
 u - the ring "Potroed" {Fly rF+++ rN+ Dex-3}
   (You bought it in a shop on level 1 of the Elven Halls)

   [ring of flight]

   Dex-3:     It affects your dexterity (-3).
   rF+++:     It renders you almost immune to fire.
   rN+:       It protects you from negative energy.
   Fly:       It grants you flight.
 M - an amulet of regeneration (around neck)
 T - the ring "Jelubeh" {Will++ Str+3 Dex+6 Slay-3 SInv}
   (You bought it in a shop on level 2 of the Orcish Mines)

   [ring of dexterity]

   Str+3:     It affects your strength (+3).
   Dex+6:     It affects your dexterity (+6).
   Slay-3:    It affects your accuracy & damage with ranged weapons and melee
   (-3).
   Will++:    It greatly increases your willpower.
   SInv:      It lets you see invisible.
 V - the ring "Tavvuof" (right hand) {rElec rPois rC+ Str+3}
   (You bought it in a shop on level 2 of the Orcish Mines)

   [ring of protection from cold]

   Str+3:     It affects your strength (+3).
   rC+:       It protects you from cold.
   rElec:     It insulates you from electricity.
   rPois:     It protects you from poison.
Wands
 g - a wand of acid (14)
 x - a wand of polymorph (61)
 H - a wand of flame (69)
 I - a wand of charming (34)
 N - a wand of digging (23)
 P - a wand of roots (37)
 U - a wand of mindburst (22)
Scrolls
 d - 12 scrolls of teleportation
 e - 17 scrolls of immolation
 f - 13 scrolls of fog
 k - 2 scrolls of butterflies
 n - 11 scrolls of fear
 s - a scroll of revelation
 B - 10 scrolls of noise
 C - 10 scrolls of poison
 D - 6 scrolls of vulnerability
 G - 4 scrolls of blinking
 J - 7 scrolls of torment
 L - 2 scrolls of silence
Potions
 h - 3 potions of heal wounds
 i - 14 potions of enlightenment
 j - 5 potions of lignification
 m - 7 potions of invisibility
 p - 11 potions of curing
 t - 2 potions of mutation
 v - 8 potions of ambrosia
 w - 5 potions of resistance
 z - 4 potions of haste
 A - 2 potions of cancellation
 X - a potion of magic
Miscellaneous
 c - a phial of floods
 y - a phantom mirror (inert)
 Q - a condenser vane


   Skills:
 - Level 20.0 Fighting
 - Level 20.0 Ranged Weapons
 - Level 15.0 Armour
 - Level 20.0 Dodging
 - Level 20.0 Stealth
 + Level 19.4 Invocations
 - Level 15.5 Evocations


You had 25 spell levels left.
You didn't know any spells.
Your spell library contained the following spells:

 Spells                   Type           Power      Damage    Failure   Level
 Foxfire                  Conj/Fire      0%         2x1d4     41%         1
 Freeze                   Ice            0%         1d3       41%         1
 Kiss of Death            Conj/Necr      0%         2d5       41%         1
 Magic Dart               Conj           0%         1d3       41%         1
 Shock                    Conj/Air       0%         1d3       41%         1
 Slow                     Hex            0%         N/A       41%         1
 Summon Small Mammal      Summ           0%         N/A       41%         1
 Blink                    Tloc           0%         N/A       54%         2
 Call Imp                 Summ           0%         N/A       54%         2
 Mercury Vapours          Alch/Air       0%         N/A       54%         2
 Momentum Strike          Conj/Tloc      0%         3d8       54%         2
 Scorch                   Fire           0%         2d5       54%         2
 Static Discharge         Conj/Air       0%         3-3/arc   54%         2
 Sublimation of Blood     Necr           0%         N/A       54%         2
 Call Canine Familiar     Summ           0%         N/A       78%         3
 Confusing Touch          Hex            0%         N/A       78%         3
 Frozen Ramparts          Ice            0%         1d1       78%         3
 Fugue of the Fallen      Necr           0%         N/A       78%         3
 Hailstorm                Conj/Ice       0%         3d5       78%         3
 Mephitic Cloud           Conj/Alch/Air  0%         N/A       78%         3
 Ozocubu's Armour         Ice            0%         N/A       78%         3
 Passwall                 Erth           0%         N/A       78%         3
 Sigil of Binding         Hex            0%         N/A       78%         3
 Summon Ice Beast         Ice/Summ       0%         N/A       78%         3
 Tukima's Dance           Hex            0%         N/A       78%         3
 Vampiric Draining        Necr           0%         2d6       78%         3
 Volatile Blastmotes      Fire/Tloc      0%         2d10      78%         3
 Airstrike                Air            0%         2d(0-16)  99%         4
 Anguish                  Hex/Necr       0%         N/A       99%         4
 Animate Armour           Summ/Erth      0%         N/A       99%         4
 Animate Dead             Necr           0%         N/A       99%         4
 Brom's Barrelling Bould  Conj/Erth      0%         2d3       99%         4
 Cause Fear               Hex            0%         N/A       99%         4
 Dimensional Bullseye     Hex/Tloc       0%         N/A       99%         4
 Dispel Undead            Necr           0%         3d6       99%         4
 Flame Wave               Conj/Fire      0%         2d4       99%         4
 Fulminant Prism          Conj/Alch      0%         3d5       99%         4
 Ignite Poison            Fire/Alch      0%         N/A       99%         4
 Iskenderun's Mystic Bla Conj/Tloc 0%             2d3        (+2d1     99%         4
 Martyr's Knell           Necr/Summ      0%         N/A       99%         4
 Maxwell's Portable Pile  Tloc           0%         2d(5-10)  99%         4
 Passage of Golubria      Tloc           0%         N/A       99%         4
 Petrify                  Alch/Erth      0%         N/A       99%         4
 Sticky Flame             Fire/Alch      0%         2d4       99%         4
 Summon Blazeheart Golem  Fire/Summ      0%         N/A       99%         4
 Summon Lightning Spire   Summ/Air       0%         N/A       99%         4
 Vhi's Electric Charge    Tloc/Air       0%         N/A       99%         4
 Arcjolt                  Conj/Air       0%         1d10      100%        5
 Borgnjor's Vile Clutch   Necr/Erth      0%         N/A       100%        5
 Freezing Cloud           Conj/Ice/Air   0%         6-21      100%        5
 Irradiate                Conj/Alch      0%         3d11      100%        5
 Metabolic Englaciation   Hex/Ice        0%         N/A       100%        5
 Silence                  Hex/Air        0%         N/A       100%        5
 Yara's Violent Unravell  Hex/Alch       0%         3d3       100%        5
 Bombard                  Conj/Erth      0%         9d1       100%        6
 Conjure Ball Lightning   Conj/Air       0%         3x3d6     100%        6
 Death Channel            Necr           0%         N/A       100%        6
 Permafrost Eruption      Ice/Erth       0%         2x4d1     100%        6
 Plasma Beam              Fire/Air       0%         2x1d10    100%        6
 Sculpt Simulacrum        Ice/Alch       0%         N/A       100%        6
 Starburst                Conj/Fire      0%         6d3       100%        6
 Summon Cactus Giant      Summ           0%         N/A       100%        6
 Enfeeble                 Hex            0%         N/A       100%        7
 Haunt                    Necr/Summ      0%         N/A       100%        7
 Manifold Assault         Tloc           0%         N/A       100%        7
 Summon Hydra             Summ           0%         N/A       100%        7
 Borgnjor's Revivificati  Necr           0%         N/A       100%        8
 Discord                  Hex            0%         N/A       100%        8
 Disjunction              Tloc           0%         N/A       100%        8
 Ignition                 Fire           0%         3d3       100%        8
 Infestation              Necr           0%         N/A       100%        8
 Lehudib's Crystal Spear  Conj/Erth      0%         10d2      100%        8
 Maxwell's Capacitive Co  Air            0%         ∞         100%        8
 Death's Door             Necr           0%         N/A       100%        9
 Fire Storm               Conj/Fire      0%         5d1       100%        9


Dungeon Overview and Level Annotations

Branches:
Dungeon (15/15)            Temple (1/1) D:5            Lair (5/5) D:10
  Swamp (4/4) Lair:3       Spider (4/4) Lair:2        Slime (5/5) Lair:5
    Orc (2/2) D:11            Elf (3/3) Orc:2        Vaults (4/5) D:13
  Crypt (3/3) Vaults:2       Tomb (0/3) Crypt:3      Depths (4/4) D:15
    Zot (5/5) Depths:4      IceCv (visited)

Altars:
Ashenzari
Cheibriados
Dithmenos
Elyvilon
Fedhas
Gozag
Hepliaklqana
Kikubaaqudgha
Makhleb
Nemelex Xobeh
Okawaru
Qazlal
Ru
Sif Muna
Trog
Uskayaw
Vehumet
Wu Jian
Xom
Yredelemnul
Zin
The Shining One
Beogh
Jiyva

Shops:
Orc:2 ([**[**   Elf:1 [[==   Depths:1 =[   Depths:2 [

Portals:
Hell: Depths:1 Depths:2 Depths:3 Depths:4
Abyss: Depths:3
Pandemonium: Depths:2
Ziggurat: Depths:3

Annotations:
D:4 4 runed translucent doors, exclusion: steam dragon
D:13 1 runed translucent door, Dyre's ghost, journeyman DjFE
Elf:2 3 runed translucent doors
Vaults:4 1 runed translucent door, rgbqcd's ghost, veteran MiBe
Crypt:1 2 transporters, 3 runed translucent doors, Byllysann's ghost, veteran GrEE
Zot:5 exclusion: 2 upstairs


Innate Abilities, Weirdness & Mutations

Your life essence is reduced to manifest your ancestor. (-10% HP)
You regain HP and MP as you explore.
You have large cloven feet.
You are agile. (Dex +4, Str/Int -1)
You are covered in fur. (AC +1)


Message History

The Orb Guardian is lightly wounded.
You shoot an arrow.
The arrow hits the Orb Guardian but does no damage.
The Orb Guardian is lightly wounded.
You shoot an arrow.
The arrow barely misses the Orb Guardian.
You shoot an arrow. The arrow hits the Orb Guardian!!
The Orb Guardian is heavily wounded.
You shoot an arrow. The arrow hits the Orb Guardian!!!
The Orb Guardian is almost dead.
You shoot an arrow. The arrow hits the Orb Guardian!!
You kill the Orb Guardian!
You feel your strength returning.
There is a stone staircase leading up here.
You climb upwards.
There is a stone staircase leading down here.
Your extra speed is starting to run out.
You feel yourself slow down.
There is an open door here.
You shoot an arrow.
The arrow barely misses the ball python.
The ball python hisses angrily.
You shoot an arrow. The arrow hits the ball python!
You kill the ball python!
No target in view!
No target in view!
There is an open gate here.
There is an open door here.
There is an open door here.
There is an open door here.
There is a staircase leading out of the dungeon here.
Okay, then.
You feel extremely strange.
You feel genetically unstable.
You feel robust.
You feel healthier.
Your system partially rejects the healing effects of potions.
You feel extremely strange.
Your system completely accepts the healing effects of potions.
You feel a little more calm. Fur sprouts all over your body.
Your feet thicken and deform.
You feel agile.
You have escaped!

####################.# #..# #.# #
#...≈≈≈≈...# ♣♣#♣#.#####..###.#
###..........#♣♣.'.#...........>#
.ß#..§.≈≈.)..#♣.♣#.#######..##..#
..'.†.§......#♣.♣#.# #..##..#
..'..§.......'.♣♣#.# #.###..#
..'..........#####'# #.# #..#
.ß#....~~....#.....# #.# #..#
###.........)#..@..# #.# #..#
.##...~~~~...#.....# #.# #..#
..#################### #.# #..#
.....# ########.#####.# #[.#
.###.##### #..............# #..#
.###.....###########.#########..#
............# #.............
.#######..#.# #.########.#.#
............# ######.# #.#..


There were no monsters in sight!

Vanquished Creatures
  the Royal Jelly (Slime:5)
  Frederick (Vaults:2)
  2 dread liches (Zot:5)
  3 orbs of fire (Zot:5)
  Mennas (Vaults:2)
  An ancient lich (Zot:5)
  Mara (Depths:1)
  A juggernaut (Depths:4)
  Bai Suzhen (Crypt:1)
  3 Killer Klowns (Zot:5)
  A curse toe (Zot:5)
  A caustic shrike (Depths:4)
  5 golden dragons
  Jory (Depths:3)
  2 bone dragons
  8 tentacled monstrosities
  4 liches
  A walking crystal tome (Depths:4)
  An electric golem (Zot:5)
  2 walking divine tomes (Depths:4)
  6 deep elf blademasters
  25 Orb Guardians
  A quicksilver dragon (Depths:4)
  3 titans
  7 sphinxes
  A deep elf master archer (Elf:3)
  11 acid blobs (Slime:5)
  7 death cobs
  An ancient champion (Crypt:1)
  An Executioner (Depths:4)
  A revenant (Vaults:2)
  A tengu reaver (Depths:3)
  7 storm dragons
  A shadow dragon (Depths:4)
  6 azure jellies (Slime:5)
  Aizul (Elf:2)
  Roxanne (D:14)
  A demonspawn warmonger (D:10)
  Donald (Vaults:2)
  4 fenstrider witches (Swamp:4)
  7 rockslimes
  5 frost giants
  3 draconian shifters
  2 draconian knights
  2 protean progenitors (Zot:5)
  6 draconian monks
  A deep elf sorcerer (Elf:3)
  3 fire giants
  4 ghost moths
  A deep elf elementalist (Elf:3)
  7 emperor scorpions
  7 vault wardens
  3 iron dragons
  Louise (Spider:3)
  A draconian scorcher (Zot:4)
  An orc warlord (Vaults:3)
  2 broodmothers (Spider:2)
  A reaper (D:10)
  18 ironbound preservers
  2 spriggan defenders
  4 ghouls
  6 formless jellyfish
  4 draconian annihilators
  4 quicksilver oozes
  9 very ugly things
  8 stone giants
  4 ironbound thunderhulks
  A juggernaut skeleton (Crypt:3)
  6 deep elf annihilators
  3 deep elf demonologists (Elf:3)
  4 black draconians
  4 vampire knights
  2 green draconians
  4 eleionomae
  5 spark wasps
  A purple draconian (Zot:1)
  10 deep elf death magi
  3 bunyips
  3 war gargoyles
  A yellow draconian (Zot:5)
  4 dire elephants (Vaults:1)
  4 white draconians
  4 red draconians
  8 ettins
  6 fire dragons
  3 crystal guardians
  3 eidola
  A shambling mangrove (Swamp:4)
  5 jiangshi
  2 deep elf high priests (Elf:3)
  5 entropy weavers
  4 vault guards
  3 rakshasas
  2 spriggan zombies
  8 yaktaur captains
  8 great orbs of eyes
  2 ice dragons
  A caustic shrike simulacrum (IceCv)
  7 hydras
  2 peacekeepers (Vaults:3)
  A sphinx zombie (D:15)
  A spriggan air mage (Depths:3)
  A hell beast (Swamp:4)
  2 ogre magi
  A catoblepas (D:13)
  5 centaur warriors (D:13)
  2 radroaches
  Erolcha (D:10)
  8 alligators
  4 ironbound frosthearts
  2 spriggan skeletons (Crypt:3)
  Erica (D:8)
  2 anacondas (Zot:4)
  A death knight (D:15)
  5 tengu warriors
  A hell hog (Lair:5)
  4 vampire magi
  11 boulder beetles
  8 deep troll shamans
  18 dancing weapons
  2 occultists (Swamp:4)
  5 demonic crawlers
  An orc high priest (Orc:1)
  11 deep troll earth magi
  A titan zombie (Crypt:3)
  Urug (D:11)
  2 spriggan berserkers
  3 soul eaters
  8 spriggans
  A storm dragon zombie (D:15)
  8 hell knights
  15 skeletal warriors
  9 deep elf knights
  A sixfirhy (Swamp:4)
  4 skysharks
  3 goliath frogs
  5 iron trolls
  A shadow wraith (Crypt:2)
  7 spriggan druids
  A glowing orange brain (shapeshifter) (Depths:4)
  An anaconda zombie (Crypt:3)
  3 pharaoh ants
  54 deep trolls
  A flayed ghost (Depths:2)
  7 swamp dragons
  An orange crystal statue (Zot:5)
  14 orb spiders
  6 lindwurms
  2 sun moths
  8 arcanists
  A phantasmal warrior (D:15)
  4 thermic dynamos
  15 necromancers
  A spriggan simulacrum (Crypt:2)
  6 deep elf archers
  3 bog bodies
  7 steelbarb worms
  17 ironbound convokers
  20 deep elf pyromancers
  A harpy (Vaults:2)
  5 orc knights
  17 wolf spiders
  13 deep elf zephyrmancers
  4 orc sorcerers
  12 moths of wrath
  A shining eye (Slime:5)
  3 oklob plants (Lair:5)
  4 cyclopes
  8 manticores
  27 ugly things
  A cyclops (shapeshifter) (Vaults:1)
  Maurice (D:10)
  4 will-o-the-wisps
  A salamander (shapeshifter) (D:13)
  An alligator zombie (Crypt:2)
  2 stone giant zombies
  13 elephants
  3 meliai
  A naga zombie (Crypt:3)
  A centaur zombie (Crypt:3)
  4 black mambas
  3 kobold blastminers (Orc:2)
  17 vault sentinels
  7 torpor snails
  A cane toad (shapeshifter) (Elf:3)
  6 large abominations
  An eye of devastation (Slime:5)
  4 orange demons (Swamp:4)
  Maggie (D:10)
  An alligator snapping turtle zombie (Crypt:3)
  A black draconian zombie (Crypt:2)
  7 cane toads
  5 unseen horrors
  3 kobold demonologists
  2 freezing wraiths (D:15)
  An ice devil (D:10)
  3 komodo dragons
  A centaur skeleton (D:15)
  An anaconda simulacrum (IceCv)
  20 yaktaurs
  An efreet (D:13)
  2 minotaur skeletons
  4 tengu conjurers
  A hydra zombie (Crypt:2)
  6 trolls
  A polar bear (shapeshifter) (D:13)
  3 hellwings
  8 polar bears
  An alligator simulacrum (IceCv)
  10 tyrant leeches
  A glass eye (Depths:2)
  29 tarantellas
  14 hornets
  14 blink frogs
  A fire dragon zombie (Crypt:3)
  2 raiju (Lair:5)
  4 dream sheep (Lair:3)
  A harpy skeleton (D:15)
  A shadow dragon simulacrum (Vaults:3)
  An ettin zombie (Crypt:3)
  4 air elementals (Elf:1)
  21 culicivoras
  A centaur simulacrum (D:15)
  28 jumping spiders
  46 slime creatures
  A radroach zombie (Crypt:2)
  An ettin skeleton (Vaults:3)
  7 water elementals
  2 shadows
  9 wraiths
  A dire elephant simulacrum (IceCv)
  35 yaks
  A ynoxinul (D:7)
  2 humans (D:13)
  A fire bat (D:10)
  6 wargs
  3 golden eyes (Slime:2)
  3 basilisks
  3 fire elementals
  49 redbacks
  A harpy simulacrum (IceCv)
  11 vampire mosquitoes
  3 chaos spawn
  Menkaure (D:6)
  3 small abominations (Depths:3)
  15 swamp worms
  10 water moccasins
  13 hell hounds
  Duvessa (D:5)
  2 swamp drakes (Swamp:1)
  A snapping turtle zombie (Crypt:2)
  5 sky beasts
  2 ogre skeletons
  43 orc warriors
  10 black bears (Lair:5)
  2 ice beasts
  11 ogres
  4 boggarts (D:14)
  2 ettin simulacra (IceCv)
  37 laughing skulls
  43 wolves
  18 centaurs
  A kobold brigand (D:10)
  A manticore skeleton (Crypt:2)
  12 bullfrogs
  2 elf zombies (Elf:1)
  A gnoll sergeant (D:9)
  A komodo dragon skeleton (Crypt:2)
  6 scorpions
  4 earth elementals
  A warg zombie (Crypt:1)
  A wyvern skeleton (Crypt:1)
  2 wights (D:8)
  A hornet simulacrum (D:15)
  Dowan (D:5)
  4 killer bees (D:6)
  2 howler monkeys
  5 electric eels
  20 orc priests
  2 bombardier beetles (D:5)
  5 hounds
  4 iguanas
  3 sleepcaps
  Jessica (D:2)
  15 orc wizards
  A boggart skeleton (D:15)
  8 gnolls
  12 adders
  A white imp (D:7)
  2 ufetubi (D:6)
  4 dart slugs
  A ribbon worm (D:4)
  98 orcs
  3 bats
  10 endoplasms
  2 giant cockroaches
  7 goblins
  5 hobgoblins
  11 jackals
  10 kobolds
  2 quokkas
  4 ball pythons
  3 frilled lizards (D:3)
  6 rats
  A river rat zombie (Crypt:1)
1777 creatures vanquished.

Vanquished Creatures (collateral kills)
  An orb of fire (Zot:5)
  An ancient lich (Crypt:3)
  A juggernaut (Depths:4)
  Parghit (Zot:3)
  A Killer Klown (Zot:5)
  A caustic shrike (Depths:2)
  Norris (Depths:1)
  2 golden dragons (Zot:4)
  A tentacled monstrosity (Depths:4)
  Zenata (Vaults:2)
  Mlioglotl (Swamp:1)
  A lich (Crypt:3)
  Jorgrun (D:14)
  A deep elf master archer (Elf:3)
  A deep elf blademaster (Elf:1)
  3 Orb Guardians (Zot:5)
  A shard shrike skeleton (Crypt:1)
  A walking frostbound tome (Depths:4)
  A walking earthen tome (Depths:2)
  A sphinx (Vaults:1)
  3 acid blobs
  A tengu reaver (Depths:4)
  Kirke (D:14)
  A thorn hunter (Swamp:4)
  2 storm dragons
  A protean progenitor (Zot:4)
  An azure jelly (Slime:5)
  A daeva (D:12)
  A fire giant (Depths:4)
  A rockslime (Slime:5)
  A deep elf elementalist (Elf:3)
  2 deep elf sorcerers (Elf:3)
  A cacodemon (Depths:2)
  A very ugly thing (Depths:4)
  A spriggan defender (Depths:2)
  3 ironbound preservers
  A caustic shrike skeleton (Crypt:2)
  A demonspawn black sun (D:10)
  A stone giant (Depths:4)
  A vampire knight (Depths:2)
  A formless jellyfish (Slime:5)
  A green draconian (Zot:1)
  3 deep elf death magi
  A deep elf annihilator (Elf:3)
  A bunyip (Swamp:2)
  2 dire elephants
  2 war gargoyles (Crypt:3)
  2 spark wasps
  A white draconian (Zot:4)
  A green death (D:9)
  A blizzard demon (Swamp:4)
  A yaktaur captain (Vaults:4)
  An eidolon (Crypt:2)
  A crystal guardian (Crypt:3)
  3 deep elf high priests (Elf:3)
  An entropy weaver (Vaults:4)
  2 ice dragons
  3 vault guards
  4 great orbs of eyes
  An alligator (Swamp:3)
  A spriggan skeleton (Crypt:3)
  3 hydras
  2 ironbound frosthearts
  A sphinx zombie (D:15)
  A radroach (Spider:2)
  4 dancing weapons
  2 deep troll earth magi
  A deep elf knight (Elf:1)
  Amaemon (Lair:2)
  5 hell knights
  3 skysharks
  A soul eater (Swamp:4)
  3 skeletal warriors (Crypt:3)
  2 pharaoh ants
  An iron troll (Depths:2)
  A goliath frog (Swamp:2)
  2 orb spiders
  14 deep trolls
  A swamp dragon (Swamp:3)
  A glowing orange brain (Slime:5)
  2 deep elf archers
  An ironbound convoker (Vaults:4)
  3 steelbarb worms
  A thermic dynamo (Elf:3)
  3 lindwurms
  2 necromancers
  An orc knight (Orc:2)
  A deep elf zephyrmancer (Elf:1)
  5 wolf spiders
  4 deep elf pyromancers
  A large abomination (Elf:1)
  2 shining eyes (Slime:5)
  5 ugly things
  4 moths of wrath
  3 meliai
  4 elephants
  2 vault sentinels (Vaults:4)
  5 torpor snails
  An orange demon (Lair:2)
  A cane toad (Lair:2)
  3 yaktaurs
  2 komodo dragons (Lair:5)
  3 unseen horrors
  A tengu conjurer (Depths:4)
  A freezing wraith (D:15)
  A troll (D:10)
  2 hornets
  A hellwing (Swamp:4)
  3 tarantellas
  2 polar bears (Lair:5)
  A dream sheep (Lair:3)
  A hydra skeleton (Crypt:3)
  2 blink frogs
  A glass eye (Slime:5)
  2 jumping spiders (Lair:2)
  6 slime creatures
  A spriggan (Swamp:1)
  A small abomination (Depths:3)
  5 culicivoras
  A hog (D:15)
  10 yaks
  Grum (Lair:1)
  A fire elemental (Elf:3)
  7 redbacks
  3 vampire mosquitoes
  2 chaos spawn
  A swamp worm (Swamp:4)
  3 hell hounds (Lair:5)
  6 orc warriors
  A black bear (Lair:5)
  7 laughing skulls
  An ogre (D:12)
  A hog zombie (Crypt:1)
  7 wolves
  2 wights (D:8)
  A lindwurm simulacrum (IceCv)
  An orc priest (D:11)
  A gnoll bouda (D:10)
  2 orc wizards (Orc:1)
  3 gnolls
  18 orcs
  2 kobolds (D:10)
304 creatures vanquished.

Vanquished Creatures (others)
  A spriggan (Swamp:2)
  A deep elf archer (Elf:2)
  A deep elf pyromancer (Elf:1)
  An ugly thing (D:14)
  2 yaktaurs
  A bloated husk (Swamp:2)
  A hornet (Swamp:2)
  A hog (D:15)
  A wyvern (Lair:1)
  4 humans (D:15)
  An orc warrior (Orc:1)
  A boggart (D:14)
  30 knights
  2 ancestors
  10 foxfires
58 creatures vanquished.

Grand Total: 2139 creatures vanquished

Notes
Turn   | Place    | Note
-------+----------+-------------------------------------------
     0 | D:1      | Ajdolov the Human Hunter began the quest for the Orb.
     0 | D:1      | Reached XP level 1. HP: 16/16 MP: 1/1
   141 | D:1      | Reached XP level 2. HP: 17/23 MP: 2/2
   416 | D:1      | Reached XP level 3. HP: 28/28 MP: 3/3
   608 | D:2      | Identified the +2 ring mail of Teabreiwk {rPois Regen+
                  | Dex-4 Stlth-}
   648 | D:2      | Noticed Jessica
   651 | D:2      | Killed Jessica
   689 | D:2      | Reached XP level 4. HP: 35/35 MP: 4/4
   718 | D:2      | Found a shimmering altar of Xom.
   795 | D:2      | Reached skill level 5 in Ranged Weapons
   795 | D:2      | Identified the +3 arbalest of Quantum Leap {freeze, rN+
                  | rCorr Str-5 Dex+5}
  1164 | D:3      | Reached XP level 5. HP: 42/42 MP: 5/5
  1836 | D:4      | Noticed a sky beast
  1933 | D:4      | Killed a sky beast
  1934 | D:4      | Reached XP level 6. HP: 42/49 MP: 6/6
  2058 | D:4      | Found a large runed translucent door.
  2058 | D:4      | Found a large runed translucent door.
  2069 | D:4      | Noticed a water moccasin
  2069 | D:4      | Noticed an orc warrior
  2118 | D:4      | Reached skill level 5 in Fighting
  2165 | D:4      | Found a large runed translucent door.
  2165 | D:4      | Found a large runed translucent door.
  2170 | D:4      | Reached XP level 7. HP: 56/56 MP: 7/7
  2287 | D:4      | Found a white marble altar of Elyvilon.
  2410 | D:4      | Found a hide-covered altar of Uskayaw.
  3069 | D:4      | Noticed a steam dragon
  3407 | D:5      | Entered Level 5 of the Dungeon
  3460 | D:5      | Noticed Duvessa
  3460 | D:5      | Noticed Dowan
  3501 | D:5      | Reached XP level 8. HP: 61/62 MP: 8/8
  3571 | D:5      | Killed Duvessa
  3572 | D:5      | Killed Dowan
  3909 | D:5      | Identified a scroll of acquirement
  3914 | D:5      | Acquired the ring of Weucil {Will+ MP+9 Str+3 SInv}
  4003 | D:5      | Reached skill level 10 in Ranged Weapons
  4029 | D:5      | Found a staircase to the Ecumenical Temple.
  4041 | Temple   | Entered the Ecumenical Temple
  4059 | Temple   | Became a worshipper of Hepliaklqana the Forgotten
  4388 | D:6      | Reached XP level 9. HP: 28/68 MP: 9/9
  4677 | D:6      | Found the +5 woodcutter's axe
  4968 | D:6      | Noticed Menkaure
  4972 | D:6      | Killed Menkaure
  4977 | D:6      | Identified the ring of Intercession {rC+ rN+ Str+4}
  5100 | D:6      | Reached skill level 5 in Dodging
  5251 | D:7      | Reached * piety under Hepliaklqana
  6124 | D:8      | Found an ornate altar of the Wu Jian Council.
  6205 | D:8      | Noticed Erica
  6227 | D:8      | Killed Erica
  6228 | D:8      | Reached XP level 10. HP: 22/66 MP: 9/10
  6501 | D:8      | Found a snail-covered altar of Cheibriados.
  6983 | D:9      | Reached ** piety under Hepliaklqana
  6984 | D:9      | Remembered your ancestor Nuruyrgh as a knight
  6991 | D:9      | Found an opulent altar of Gozag.
  7177 | D:10     | Entered Level 10 of the Dungeon
  7182 | D:10     | Found a shadowy altar of Dithmenos.
  7211 | D:10     | Noticed Maggie
  7211 | D:10     | Noticed a manticore
  7237 | D:10     | Killed a manticore
  7259 | D:10     | Noticed a kobold demonologist
  7272 | D:10     | Killed a kobold demonologist
  7394 | D:10     | Noticed an unseen horror
  7403 | D:10     | Killed an unseen horror
  7418 | D:10     | Noticed Maurice
  7432 | D:10     | Killed Maggie
  7433 | D:10     | Killed Maurice
  7434 | D:10     | Reached skill level 5 in Invocations
  7434 | D:10     | Reached XP level 11. HP: 71/71 MP: 14/14
  7685 | D:10     | Found a staircase to the Lair.
  7978 | D:10     | Reached skill level 1 in Armour
  8067 | D:10     | Found a shimmering altar of Xom.
  8092 | D:10     | Noticed Erolcha
  8097 | D:10     | Killed Erolcha
  8152 | D:11     | Noticed Urug
  8164 | D:11     | Killed Urug
  8393 | D:11     | Found a staircase to the Orcish Mines.
  8431 | D:11     | Noticed a cyclops
  8435 | D:11     | Killed a cyclops
  8463 | D:11     | Reached *** piety under Hepliaklqana
  9061 | D:11     | Acquired the +8 longbow "Zephyr" {speed, Dex+3 SInv}
  9061 | D:11     | Found the +8 longbow "Zephyr" {speed, Dex+3 SInv}
  9127 | Lair:1   | Entered Level 1 of the Lair of Beasts
  9278 | Lair:1   | Noticed Grum
  9288 | Lair:1   | Killed Grum
  9327 | Lair:1   | Reached skill level 5 in Armour
  9395 | Lair:1   | Reached XP level 12. HP: 77/77 MP: 17/17
  9891 | Lair:1   | Reached **** piety under Hepliaklqana
 10317 | Lair:2   | Noticed Amaemon
 10330 | Lair:2   | Killed Amaemon
 10331 | Lair:2   | Reached skill level 15 in Ranged Weapons
 10754 | Lair:2   | Found a hole to the Spider Nest.
 10931 | Lair:2   | Reached skill level 10 in Invocations
 11266 | Lair:2   | Reached XP level 13. HP: 81/81 MP: 20/20
 12445 | Lair:3   | Reached skill level 10 in Armour
 12870 | Lair:3   | Found a staircase to the Swamp.
 13392 | Lair:4   | Reached XP level 14. HP: 88/88 MP: 21/21
 13497 | Lair:4   | Got the Cyclopedia of Blows
 13945 | Orc:1    | Entered Level 1 of the Orcish Mines
 14016 | Orc:1    | Reached skill level 1 in Evocations
 14433 | Orc:2    | Entered Level 2 of the Orcish Mines
 14433 | Orc:2    | Reached ***** piety under Hepliaklqana
 14446 | Orc:2    | Found Zevetuisch's General Store.
 15287 | D:12     | You fall into a shaft and drop 2 floors!
 15319 | D:14     | Noticed Jorgrun
 15337 | D:14     | Killed Jorgrun
 16010 | D:14     | Found a stormy altar of Qazlal.
 16041 | D:14     | Noticed Roxanne
 16791 | D:12     | Found a roughly hewn altar of Beogh.
 17133 | D:13     | Found a runed translucent door.
 17136 | D:13     | Found a broken altar of Ashenzari.
 17147 | D:13     | Reached skill level 5 in Evocations
 17332 | D:13     | Found a gate to the Vaults.
 17459 | D:13     | Found a shimmering altar of Xom.
 17459 | D:13     | Noticed Dyre's ghost (journeyman DjFE)
 17460 | D:13     | Identified the +1 trident of Annihilation {chaos, rC+ rCorr
                  | Str+2}
 17656 | D:13     | Identified the +0 battleaxe of Internal Strife {venom, rN+}
 17972 | D:13     | Reached XP level 15. HP: 82/100 MP: 22/22
 19004 | D:15     | Entered Level 15 of the Dungeon
 19152 | D:15     | Noticed Kirke
 19276 | D:14     | Killed Roxanne
 19317 | D:15     | Found a glowing golden altar of the Shining One.
 19527 | D:14     | Killed Kirke
 19528 | D:14     | Reached skill level 10 in Fighting
 19946 | D:15     | Found a staircase to the Depths.
 20378 | Orc:2    | Bought a scroll of butterflies for 60 gold pieces
 20378 | Orc:2    | Bought 2 potions of heal wounds for 150 gold pieces
 20396 | Orc:2    | Found Desobriu's Weapon Boutique.
 20460 | Orc:2    | Found Ixonki's Antique Armour Shop.
 20493 | Orc:2    | Found a staircase to the Elven Halls.
 20848 | Orc:2    | Found Ygacrouby's Assorted Antiques.
 20848 | Orc:2    | Found Jalen's Antique Armour Emporium.
 20850 | Orc:2    | Found Timn's Assorted Antiques.
 20852 | Orc:2    | Found Coxzemui's Assorted Antiques.
 20856 | Orc:2    | Bought a scroll of identify for 54 gold pieces
 20856 | Orc:2    | Bought a scroll of identify for 54 gold pieces
 20856 | Orc:2    | Bought a scroll of teleportation for 81 gold pieces
 20856 | Orc:2    | Bought a scroll of revelation for 202 gold pieces
 20856 | Orc:2    | Bought a scroll of teleportation for 81 gold pieces
 20861 | Orc:2    | Bought a potion of curing for 90 gold pieces
 20861 | Orc:2    | Bought a scroll of fear for 120 gold pieces
 20866 | Orc:2    | Bought a shimmering bronze ring for 140 gold pieces
 20866 | Orc:2    | Identified the ring "Jelubeh" {Will++ Str+3 Dex+6 Slay-3
                  | SInv} (You bought it in a shop on level 2 of the Orcish
                  | Mines)
 20873 | Orc:2    | Bought a pair of embroidered gloves for 195 gold pieces
 20906 | Orc:2    | Bought the ring "Tavvuof" {rElec rPois rC+ Str+3} for 742
                  | gold pieces
 21163 | Lair:5   | Entered Level 5 of the Lair of Beasts
 21219 | Lair:5   | Found a viscous altar of Jiyva.
 21314 | Lair:5   | Reached skill level 10 in Dodging
 21460 | Lair:5   | Identified the +3 long sword of Dithmenos, Stopping {venom,
                  | Dex+4 Stlth+}
 21532 | Lair:5   | Reached XP level 16. HP: 109/109 MP: 23/23
 22240 | Lair:5   | Identified the maw talisman of Stoicism {*Corrode rElec
                  | rC++ Dex+3}
 22679 | Lair:5   | Reached skill level 5 in Stealth
 22902 | Lair:5   | Found a staircase to the Slime Pits.
 23001 | Spider:1 | Entered Level 1 of the Spider Nest
 24688 | Spider:2 | You fall into a shaft and drop 1 floor!
 24859 | Spider:2 | Reached ****** piety under Hepliaklqana
 25047 | Spider:2 | Reached XP level 17. HP: 116/116 MP: 24/24
 25964 | Spider:3 | Reached skill level 10 in Stealth
 26427 | Spider:3 | Noticed Louise
 26448 | Spider:3 | Killed Louise
 27177 | Swamp:1  | Entered Level 1 of the Swamp
 27408 | Swamp:1  | Noticed Mlioglotl
 27424 | Swamp:1  | Killed Mlioglotl
 28104 | Swamp:2  | Found a glacial archway.
 28120 | IceCv    | Entered an ice cave
 28207 | IceCv    | Found a transporter.
 28227 | IceCv    | Found a transporter.
 28939 | Swamp:3  | Reached XP level 18. HP: 126/126 MP: 25/25
 29077 | Swamp:4  | Entered Level 4 of the Swamp
 29311 | Swamp:4  | Noticed a tentacled monstrosity
 29324 | Swamp:4  | Killed a tentacled monstrosity
 30362 | Swamp:4  | Got a decaying rune of Zot
 30732 | Spider:4 | Entered Level 4 of the Spider Nest
 31101 | Spider:4 | Identified the -2 robe of Bedevilment {Dex+5 Stlth+}
 31102 | Spider:4 | Identified the +0 robe of Vuokilu {rC+}
 31468 | Spider:4 | Reached skill level 15 in Stealth
 31589 | Spider:4 | Reached XP level 19. HP: 56/135 MP: 0/26
 31778 | Spider:4 | Reached skill level 15 in Dodging
 32070 | Spider:4 | Identified the +0 pair of gloves of Ugiog {*Corrode *Slow
                  | Str+8 SInv}
 32072 | Spider:4 | Got a gossamer rune of Zot
 32078 | Spider:4 | Identified the +0 hat of Conscience {^Contam MP+9 Str+2}
 32382 | Elf:1    | Entered Level 1 of the Elven Halls
 32388 | Elf:1    | Paralysed by an air elemental for 1 turns
 32595 | Elf:1    | Reached skill level 15 in Fighting
 32717 | Elf:1    | Found Gysarecs's Armour Shoppe.
 32853 | Elf:1    | Found Xolusoru's Antique Armour Emporium.
 32853 | Elf:1    | Found Paiskaar's Jewellery Shoppe.
 32858 | Elf:1    | Found Egiwun's Jewellery Emporium.
 32861 | Elf:1    | Bought a steaming leather armour for 133 gold pieces
 32861 | Elf:1    | Identified the +1 leather armour of Fibastriu {Slay+6} (You
                  | bought it in a shop on level 1 of the Elven Halls)
 32861 | Elf:1    | Bought a pair of embroidered boots for 142 gold pieces
 32861 | Elf:1    | Bought the +1 cloak of Starlight {*Dazzle EV+4 Stlth--} for
                  | 579 gold pieces
 32861 | Elf:1    | Found the +1 cloak of Starlight {*Dazzle EV+4 Stlth--}
 33073 | Elf:1    | Found the +8 pair of quick blades "Gyre" and "Gimble"
                  | {protect}
 33429 | Elf:2    | Identified the serpent talisman of Hadjma {rF+ Will++
                  | Dex-4}
 33429 | Elf:2    | Noticed Aizul
 33473 | Elf:2    | Killed Aizul
 33789 | Elf:2    | Found a runed translucent gate.
 33790 | Elf:2    | Found a runed translucent gate.
 33790 | Elf:2    | Found a runed translucent gate.
 34150 | Elf:3    | Entered Level 3 of the Elven Halls
 34755 | Elf:3    | Found a shimmering blue altar of Sif Muna.
 35103 | Elf:3    | Reached XP level 20. HP: 145/145 MP: 25/27
 35412 | Elf:3    | Identified the +5 quarterstaff of Xabletok {antimagic,
                  | rElec rC+ rN+}
 35935 | Elf:3    | Acquired 734 gold pieces
 35979 | Elf:3    | Identified the +5 ring mail of Trumpets {rPois Slay+2}
 35989 | Elf:3    | Identified the staff of the Endless Expanse {rPois rN+
                  | Str-5 Tloc Alchemy}
 36009 | Elf:3    | Identified the +6 war axe "Human's Death" {heavy, rElec
                  | rCorr Int-3 Dex+3}
 36020 | Elf:3    | Identified the +2 chain mail of Pekkeno {rElec Int+5 Dex+3}
 36045 | Elf:3    | Identified the +4 halberd "Ogreslayer" {flame, Fly rF+
                  | Int-2}
 36072 | Elf:3    | Identified the staff "Estaipat" {rElec rC+ Will+ Str+2 Air}
 36176 | Elf:1    | Bought the ring "Potroed" {Fly rF+++ rN+ Dex-3} for 1033
                  | gold pieces
 36364 | Vaults:1 | Entered Level 1 of the Vaults
 37656 | Vaults:2 | Got the Papyrus of Flammable Malediction
 37716 | Vaults:2 | Noticed Mennas
 37745 | Vaults:2 | Killed Mennas
 37746 | Vaults:2 | Reached skill level 10 in Evocations
 37746 | Vaults:2 | Reached XP level 21. HP: 154/154 MP: 21/28
 37903 | Vaults:2 | Found a staircase to the Crypt.
 37969 | Vaults:2 | Noticed Zenata
 38586 | Vaults:2 | Identified the orb "Qankog" {*channel, rElec rC- Dex+5
                  | Earth}
 38586 | Vaults:2 | Noticed Frederick
 38670 | Vaults:2 | Killed Zenata
 38778 | Vaults:2 | Killed Frederick
 38827 | Vaults:2 | Noticed Donald
 38837 | Vaults:2 | Killed Donald
 40678 | Vaults:4 | Reached XP level 22. HP: 152/163 MP: 29/29
 40771 | Vaults:4 | Reached skill level 15 in Armour
 40886 | Vaults:4 | Found a runed translucent door.
 40886 | Vaults:4 | Found a shimmering altar of Xom.
 40886 | Vaults:4 | Noticed rgbqcd's ghost (veteran MiBe)
 41584 | Depths:1 | Entered Level 1 of the Depths
 41601 | Depths:1 | Found Tuzeuffi's Armour Boutique.
 41601 | Depths:1 | Found Byvew's Jewellery Shop.
 41685 | Depths:1 | Found a gateway to Hell.
 41738 | Depths:1 | Noticed Norris
 41754 | Depths:1 | Killed Norris
 42256 | Depths:1 | Noticed Mara
 42287 | Depths:1 | Killed Mara
 42821 | Depths:2 | Identified the amulet "Ryghom" {Reflect Int+5 SH+5}
 42935 | Depths:2 | Noticed a caustic shrike
 42957 | Depths:2 | Killed a caustic shrike
 43232 | Depths:2 | Found a burning altar of Makhleb.
 43355 | Depths:2 | Found Lyerioti's Antique Armour Boutique.
 44121 | Depths:2 | Found a burning altar of Makhleb.
 44426 | Depths:2 | Found a one-way gate leading to the halls of Pandemonium.
 44429 | Depths:2 | Gained mutation: You are vulnerable to heat. (rF-) [a
                  | cacodemon]
 44541 | Depths:2 | Lost mutation: You are vulnerable to heat. (rF-) [potion of
                  | mutation]
 44541 | Depths:2 | Gained mutation: You are somewhat resistant to further
                  | mutation. [potion of mutation]
 45428 | Depths:3 | Found a one-way gate to the infinite horrors of the Abyss.
 45449 | Depths:3 | Reached XP level 23. HP: 172/172 MP: 30/30
 45765 | Depths:3 | Noticed Jory
 45771 | Depths:3 | Killed Jory
 45804 | Depths:3 | Found a one-way gateway to a ziggurat.
 46129 | Depths:4 | Entered Level 4 of the Depths
 46367 | Depths:4 | Noticed a juggernaut
 46385 | Depths:4 | Killed a juggernaut
 46805 | Depths:4 | Found a gate to the Realm of Zot.
 46833 | Depths:4 | Found the +10 zealot's sword {holy, Zealotry, *Rage rN+
                  | EV+3}
 46957 | Depths:4 | Noticed a juggernaut
 47022 | Depths:4 | Noticed a caustic shrike
 47034 | Depths:4 | Killed a caustic shrike
 47386 | Depths:4 | Found the +0 mask of the Dragon {Will+ Slay+3 SInv}
 47444 | Depths:4 | Killed a juggernaut
 47834 | Slime:1  | Entered Level 1 of the Pits of Slime
 48137 | Slime:5  | Entered Level 5 of the Pits of Slime
 48346 | Slime:5  | Found a viscous altar of Jiyva.
 48362 | Slime:5  | Noticed the Royal Jelly
 48394 | Slime:5  | Killed the Royal Jelly
 48395 | Slime:5  | Reached XP level 24. HP: 150/181 MP: 25/30
 48598 | Slime:5  | Identified the ring "Zouvofuh" {rElec rC+ rCorr Dex+4}
 48608 | Slime:5  | Identified the ring of Cotap {rC+ Will- AC+4 Int+2 Dex+4}
 48646 | Slime:5  | Got Sif Muna's Incunable of the Curse
 48657 | Slime:5  | Got the Directory of Lapidary Hoarfrost
 48659 | Slime:5  | Got the Codex of the Blaze
 48666 | Slime:5  | Identified the +5 lajatang "Newtbane" {freeze, Dex+4
                  | Stlth+}
 48717 | Slime:5  | Found the +1 Delatra's gloves {ID++}
 48724 | Slime:5  | Got the Atlas of the Engineer
 48729 | Slime:5  | Identified the +2 scimitar "Hifoq" {freeze, rElec}
 48758 | Slime:5  | Got a slimy rune of Zot
 49235 | Zot:1    | Entered Level 1 of the Realm of Zot
 49252 | Zot:1    | Reached skill level 15 in Evocations
 49861 | Zot:3    | Gained mutation: You sometimes lose your temper in combat.
                  | [mutagenic glow]
 49870 | Zot:3    | Gained mutation: Your body sometimes deteriorates upon
                  | taking damage. [mutagenic glow]
 50287 | Zot:4    | Noticed Parghit
 50502 | Zot:3    | Killed Parghit
 50595 | Zot:5    | Entered Level 5 of the Realm of Zot
 50918 | Zot:5    | Noticed a curse toe
 50931 | Zot:5    | Killed a curse toe
 51641 | Orc:2    | Bought a potion of mutation for 240 gold pieces
 51641 | Orc:2    | Bought a potion of enlightenment for 150 gold pieces
 51641 | Orc:2    | Bought a potion of mutation for 240 gold pieces
 51648 | Orc:2    | Bought a scroll of fear for 112 gold pieces
 52525 | Zot:5    | Reached XP level 25. HP: 189/189 MP: 31/31
 52778 | Zot:5    | Noticed an orb of fire
 52778 | Zot:5    | Noticed a Killer Klown
 52778 | Zot:5    | Noticed a dread lich
 52789 | Zot:5    | Noticed an orb of fire
 52915 | Zot:5    | Killed an orb of fire
 52931 | Zot:5    | Killed a dread lich
 52944 | Zot:5    | Killed a Killer Klown
 53541 | Crypt:1  | Entered Level 1 of the Crypt
 53686 | Crypt:1  | Found a transporter.
 53984 | Crypt:1  | Noticed Byllysann's ghost (veteran GrEE)
 53985 | Crypt:1  | Noticed a dread lich
 54052 | Crypt:1  | Found a transporter.
 54059 | Crypt:1  | Noticed Bai Suzhen
 54074 | Crypt:1  | Killed Bai Suzhen
 54311 | Crypt:1  | Found a runed translucent gate.
 54311 | Crypt:1  | Found a runed translucent gate.
 54311 | Crypt:1  | Found a runed translucent gate.
 54678 | Crypt:2  | Identified the +0 robe "Nyblufoc" {rCorr Str+3}
 55317 | Crypt:3  | Entered Level 3 of the Crypt
 55584 | Crypt:3  | Reached skill level 15 in Invocations
 55869 | Crypt:3  | Noticed an ancient lich
 55978 | Crypt:3  | Killed an ancient lich
 56010 | Crypt:3  | Found an ancient bone altar of Kikubaaqudgha.
 56341 | Crypt:3  | Found a staircase to the Tomb.
 56621 | Crypt:3  | Got the Book of Darkness
 57156 | Zot:5    | Noticed a Killer Klown
 57175 | Zot:5    | Killed a Killer Klown
 57259 | Zot:5    | Noticed an orb of fire
 57275 | Zot:5    | Killed an orb of fire
 57280 | Zot:5    | Noticed an ancient lich
 57289 | Zot:5    | Killed an ancient lich
 57375 | Zot:5    | Gained mutation: You are frail. (-10% HP) [an orb of fire]
 57378 | Zot:5    | Killed an orb of fire
 57655 | Zot:5    | Noticed an orb of fire
 57669 | Zot:5    | Reached XP level 26. HP: 174/174 MP: 31/35
 57670 | Zot:5    | Killed an orb of fire
 57676 | Zot:5    | Noticed a Killer Klown
 57684 | Zot:5    | Killed a Killer Klown
 57784 | Zot:5    | Noticed a dread lich
 57797 | Zot:5    | Killed a dread lich
 57847 | Zot:5    | Got the Orb of Zot
 57869 | Zot:5    | Noticed a Killer Klown
 57885 | Zot:5    | Killed a Killer Klown
 58402 | D:4      | Noticed Wolos the pandemonium lord
 58500 | D:1      | Lost mutation: You are somewhat resistant to further
                  | mutation. [potion of mutation]
 58500 | D:1      | Lost mutation: You are frail. (-10% HP) [potion of
                  | mutation]
 58500 | D:1      | Lost mutation: Your body sometimes deteriorates upon taking
                  | damage. [potion of mutation]
 58500 | D:1      | Gained mutation: Potions are less effective at restoring
                  | your health. [potion of mutation]
 58501 | D:1      | Lost mutation: Potions are less effective at restoring your
                  | health. [potion of mutation]
 58501 | D:1      | Lost mutation: You sometimes lose your temper in combat.
                  | [potion of mutation]
 58501 | D:1      | Gained mutation: You are covered in fur. (AC +1) [potion of
                  | mutation]
 58501 | D:1      | Gained mutation: You have large cloven feet. [potion of
                  | mutation]
 58501 | D:1      | Gained mutation: You are agile. (Dex +4, Str/Int -1)
                  | [potion of mutation]
 58503 | D:$      | Escaped with the Orb!

Illustrated notes

Levels and vault maps discovered:
D:1:      scummos_arrival_gate, layout_basic
D:2:      layout_rooms, basic_altar, uniq_jessica
D:3:      minmay_chambers_of_threes, layout_basic
D:4:      layout_layer_cave, nicolae_elyvilon_temple_path,
          lemuel_coloured_pillars_altar, chequers_mini_garden,
          serial_bayou_lagoon_a, minmay_misc_feat_encased,
          minmay_strange_pillars, chequers_big_river, minmay_statues_item,
          minmay_hollow_rounded_squares
D:5:      layout_basic, minmay_temple_entry_statues_fountains,
          serial_library_hellmonk_layered_room, uniq_duvessa
D:6:      layout_gridville, uniq_menkaure
D:7:      layout_layer_cave
D:8:      layout_rooms, mainiacjoe_overflow_surrounded_room,
          mainiacjoe_overflow_concentric_impassable, uniq_erica
D:9:      layout_gridville, grunt_gozag_breadcrumbs
D:10:     layout_basic, nicolae_dithmenos_shadow_blocks,
          regret_index_xom_of_box, lair_entry_dummy, nrook_pool_corridor,
          hangedman_abyss_or_decor_passed, nicolae_figureground_pulse,
          uniq_maurice, uniq_maggie, uniq_erolcha
D:11:     layout_basic, erik_orc_2, mrwooster_statue_mirror, uniq_urug
D:12:     layout_roguey [special_room_orc], special_room [special_room_orc]
D:13:     minmay_imperfect_grid, layout_irregular_city, hellmonk_vaults_keyhole,
          ebering_ghost_xom, ashenzari_altar_1
D:14:     layout_loops_corners, special_room [special_room_orc],
          grunt_qazlal_clouds, uniq_roxanne, uniq_jorgrun
D:15:     gammafunk_depths_entry_grave, layout_cave_pools,
          nicolae_tso_swordbearing_angel, uniq_kirke
Temple:   bh_familiar_temple
Lair:1:   layout_regular_city, grunt_megastairs_4, infiniplex_staircase_pool_2,
          uniq_grum
Lair:2:   layout_chaotic_city, nicolae_spider_entry_tight_spaces,
          nicolae_lair_run_with_the_wolves, uniq_amaemon
Lair:3:   layout_gridlike, mainiacjoe_swamp_entry_angry_trees, evilmike_ambush
          [evilmike_ambush_outer_basic, evilmike_ambush_inner_basic]
Lair:4:   layout_roguey, serial_bayou_shore_a, serial_bayou_shore_b
Lair:5:   hangedman_lair_caniforms_friends, layout_hall_layers, wormcave,
          minmay_slime_entry_oklob_enclosed, grunt_megastairs_2,
          lemuel_fruit_tree
Swamp:1:  layout_basic_swamp, nicolae_swamp_little_swirl, uniq_mlioglotl
Swamp:2:  layout_basic_swamp, portal_ice_cave_entry_pillars_three,
          hangedman_swamp_ruin_wall, swamp_pool_1_2, infiniplex_staircase_pool
Swamp:3:  layout_basic_swamp, evilmike_swamp_ruin_house_3
Swamp:4:  nzn_swamp_witches_coven, layout_basic_swamp
Spider:1: layout_chambers
Spider:2: layout_chambers
Spider:3: layout_chambers, uniq_louise
Spider:4: grunt_spider_rune_island, hellmonk_motheaten_closet
Slime:1:  layout_caves
Slime:2:  layout_caves
Slime:3:  layout_caves
Slime:4:  layout_caves
Slime:5:  slime_pit_nicolae_block_by_block
Orc:1:    layout_caves, nicolae_orc_lava_room
Orc:2:    st_orc_rangers, layout_caves, serial_shops,
          nicolae_shop_just_a_little_nook, shop_fountains, shop
Elf:1:    layout_rooms, serial_shops, nicolae_shop_behind_doors,
          minmay_elf_necromancy, hellmonk_guarded_unrand_gyre_and_gimble,
          minmay_shop_star
Elf:2:    nicolae_elf_blades_crystal_corner, layout_gridlike,
          lemuel_flamethrower_3, uniq_aizul
Elf:3:    minmay_elf_hall_quartered_circle, layout_geoelf_octagon, basic_altar
Vaults:1: mu_enter_wizlab_6, nicolae_vaults_storage_closets_3, st_cross,
          v_rooms_4, v_misc_29, nicolae_vaults_layer_cake_slice,
          nicolae_vaults_network_star, vaults_room_corners,
          grunt_vaults_trifunnel, nicolae_vaults_double_plus_1,
          layout_vaults_omnicross
Vaults:2: v_misc_22, nicolae_vaults_more_shelving_1,
          hangedman_vaults_corner_blocks, nicolae_vaults_circle_grid_b,
          hangedman_vaults_unwind, nicolae_vaults_house_1,
          nicolae_vaults_closet_pinwheel_4, vaults_dpeg_ring,
          nicolae_vaults_library_corner, minmay_crypt_entry_simple_box,
          ontoclasm_vaults_decontamination, layout_vaults_big_room,
          uniq_frederick, uniq_donald, uniq_zenata, uniq_mennas
Vaults:3: nicolae_vaults_house_2, v_misc_15, hangedman_vaults_variations,
          v_misc_1, nicolae_vaults_trapezoid_layered, v_pattern_5,
          nicolae_vaults_alarming, v_alt_pattern_3, nicolae_vaults_trapezoid_3,
          v_misc_22, nicolae_vaults_tetromino_Z_2, ontoclasm_vaults_gateway,
          layout_vaults_ring
Vaults:4: ebering_ghost_xom, nicolae_vaults_variable_pillar_hall_cross,
          nicolae_vaults_murderbox, nicolae_vaults_spaceships,
          nicolae_vaults_offset_grid_hallway_2,
          vaults_mumra_minichess_inversion, nicolae_vaults_six-pack,
          hangedman_vaults_maws, nicolae_vaults_closet_pinwheel_2,
          ontoclasm_vaults_twist, nicolae_vaults_triangles,
          layout_vaults_omnibox
Crypt:1:  gammafunk_dig_for_victory, layout_gridlike, gammafunk_ghost_split,
          nicolae_crypts_crumbling_nooks, uniq_bai_suzhen
Crypt:2:  dreamdust_cat_pyramid, layout_gridlike
Crypt:3:  cryptofortress_bobbens
Depths:1: layout_roguey, hell_entry, serial_bayou_pond_a, nicolae_eternal_life,
          chequers_serial_rivers_small_a, nicolae_letterblocks
          [nicolae_letter_subblock, nicolae_letter_subblock,
          nicolae_letter_subblock, nicolae_letter_subblock,
          nicolae_letter_subblock, nicolae_letter_subblock,
          nicolae_letter_subblock, nicolae_letter_subblock,
          nicolae_letter_subblock, nicolae_letter_subblock,
          nicolae_letter_subblock, nicolae_letter_subblock,
          nicolae_letter_subblock, nicolae_letter_subblock,
          nicolae_letter_subblock, nicolae_letter_subblock,
          nicolae_letter_subblock, nicolae_letter_subblock,
          nicolae_letter_subblock, nicolae_letter_subblock,
          nicolae_letter_subblock, nicolae_letter_subblock,
          nicolae_letter_subblock, nicolae_letter_subblock,
          nicolae_letter_subblock], minmay_shoptagon, uniq_mara, uniq_norris
Depths:2: minmay_bad_star, layout_basic, basic_altar, serial_shops,
          nicolae_shop_tiny_glass, serial_curves, eino_curves_04,
          eino_curves_03, grunt_metal_band, rand_demon_pan_entry_8
Depths:3: minmay_distorted_concentric_squares, layout_cave_pools,
          enter_ziggurat_c, hell_entry, minmay_room_of_horrors, kennysheep_dice,
          uniq_jory, uniq_margery
Depths:4: evilmike_zot_entry_diamond, layout_cave_pools, minmay_crystal_water,
          grunt_hell_entry_dis_mu, minmay_swirly_circle
Zot:1:    layout_cathedral_of_symmetry
Zot:2:    layout_twisted_circle, bh_zot_ikea_curve,
          regret_index_zotdec_magical_s
Zot:3:    dreamdust_black_sun_cult, layout_gridlike
Zot:4:    layout_basic, regret_index_zotdec_glowing_original,
          regret_index_zotdec_split_disrupt, uniq_parghit
Zot:5:    layout_gridville, grunt_megastairs_3

Skill      XL: |  1  2  3  4  5  6  7  8  9 10 11 12 13 14 15 16 17 18 19 20 21 22 23 24 25 26 |
---------------+-------------------------------------------------------------------------------+-----
Fighting       | 3 4 5 8 10 12 13 15 16 17 18 19 20 | 20.0
Ranged Weapons | 5 6 8 10 12 13 14 15 17 18 20 | 20.0
Dodging        | 3 7 8 10 12 13 14 15 16 17 18 19 20 | 20.0
Invocations    | 5 7 10 11 17 19 | 19.4
Armour         | 5 8 10 12 13 14 15 | 15.0
Evocations     | 5 7 10 11 13 14 15 | 15.5
Stealth        | 8 12 15 16 17 19 20 | 20.0

Action                     |  1- 3 |  4- 6 |  7- 9 | 10-12 | 13-15 | 16-18 | 19-21 | 22-24 | 25-27 || total
---------------------------+-------+-------+-------+-------+-------+-------+-------+-------+-------++-------
   Fire: Shortbow          |    79 |    18 |       |       |       |       |       |       |       ||    97
         Arbalest          |       |    79 |   222 |   184 |       |       |       |       |       ||   485
         Longbow           |       |       |       |   292 |  1276 |  1720 |  1483 |  1683 |   952 ||  7406
  Throw: Throwing net      |       |       |       |       |     2 |       |     1 |       |       ||     3
 Invoke: Recall Ancestor   |       |       |     1 |     2 |    13 |    10 |     6 |    11 |     4 ||    47
         Ancestor Life: Kn |       |       |       |     1 |       |       |       |       |       ||     1
         Transference      |       |       |       |     1 |     4 |     4 |       |     3 |     1 ||    13
         Idealise          |       |       |       |     1 |     6 |     7 |     8 |     7 |     2 ||    31
  Evoke: Wand              |       |       |       |     2 |     8 |     2 |     6 |    15 |       ||    33
         Phial of floods   |       |       |       |       |       |       |     2 |       |     1 ||     3
         Phantom mirror    |       |       |       |       |       |       |       |       |     1 ||     1
    Use: Scroll            |       |     1 |    10 |     6 |     9 |    21 |    10 |    13 |     7 ||    77
         Potion            |       |       |     3 |       |     1 |     4 |       |     4 |     9 ||    21
 Armour: Leather armour    |    18 |    22 |    82 |    11 |     1 |   152 |    66 |    96 |   116 ||   564
         Swamp dragon scal |       |       |       |    76 |   221 |       |       |       |       ||   297
         Skin              |       |       |       |       |     1 |       |       |       |       ||     1
  Dodge: Dodged            |    17 |    38 |    95 |   101 |   237 |   282 |   114 |   242 |   148 ||  1274

Table legend: (Time is in decaauts)
 A = Elapsed time spent in this place.
 B = Non-inter-level travel time spent in this place.
 C = Inter-level travel time spent in this place.
 D = Time resting spent in this place.
 E = Time spent auto-exploring this place.
 F = Levels seen in this place.
 G = Mean time per level.
                   A        B        C        D        E       F      G
               +--------+--------+--------+--------+--------+-----+--------+
         Total |  55494 |  49042 |   6452 |   8156 |  30139 |  56 |  991.0 |
       Dungeon |  16313 |  13845 |   2468 |   1305 |   9745 |  15 | 1087.5 |
        Temple |     34 |     19 |     15 |      0 |      0 |   1 |   34.0 |
          Lair |   6988 |   5982 |   1006 |   1027 |   3819 |   5 | 1397.6 |
         Swamp |   3088 |   2961 |    127 |    517 |   1554 |   4 |  772.0 |
   Spider Nest |   5203 |   4871 |    332 |    619 |   3342 |   4 | 1300.8 |
    Slime Pits |    887 |    848 |     39 |    369 |     12 |   5 |  177.4 |
  Orcish Mines |   1546 |   1302 |    244 |    320 |    756 |   2 |  773.0 |
   Elven Halls |   3521 |   3375 |    146 |    737 |   1811 |   3 | 1173.7 |
        Vaults |   4864 |   4405 |    459 |    430 |   3092 |   4 | 1216.0 |
         Crypt |   2871 |   2712 |    159 |    177 |   2103 |   3 |  957.0 |
        Depths |   6058 |   5129 |    929 |    683 |   3564 |   4 | 1514.5 |
           Zot |   4009 |   3486 |    523 |   1918 |    338 |   5 |  801.8 |
      Ice Cave |    106 |    106 |      0 |     49 |      0 |   1 |  106.0 |
               +--------+--------+--------+--------+--------+-----+--------+

Top non-repeatable levels by time:
Depths:2: 2630 daAuts
    D:14: 2406 daAuts
   Zot:5: 2390 daAuts
  Lair:2: 1891 daAuts
   Elf:3: 1854 daAuts
    D:13: 1783 daAuts
Vaults:2: 1768 daAuts
  Lair:5: 1692 daAuts
  Lair:3: 1664 daAuts
     D:4: 1620 daAuts
    D:11: 1529 daAuts
 Swamp:4: 1467 daAuts
Depths:4: 1456 daAuts
Spider:1: 1331 daAuts
Spider:2: 1302 daAuts
